[Event "Wed Night Engine Tour 13 Rd Swiss 3m+1s Starts at 2200hrs ST"]
[Site "Infinity Chess"]
[Date "2018.1.31"]
[Round "3"]
[White "ocirema"]
[Black "BraveDevil"]
[Result "1/2-1/2"]
[ECO "D11"]
[WhiteElo "2466"]
[BlackElo "2450"]
[WhiteEngine "stockfish_18013111_x64_modern_CTG"]
[BlackEngine "Cryptic Heroes V4.2"]
[EventType "Swiss"]
[WhiteTeam ""]
[BlackTeam ""]
[PlyCount "117"]
[TimeControl "180+1"]

1. d4 d5 2. c4 c6 3. Nf3 Nf6 4. e3 e6 5. Nbd2 Nbd7 6. Bd3 c5 7. cxd5 exd5 
8. O-O Be7 9. b3 O-O 10. Bb2 cxd4 11. Nxd4 Nc5 12. N2f3 Nfe4 13. Rc1 Bf6 
14. Bb1 Re8 15. Nd2 Qb6 16. Nxe4 Nxe4 17. f3 Ng5 18. Qd2 Bd7 19. Bc3 Rac8 
20. Ba5 Qd6 21. Bb4 Qb6 22. Ba5 Qd6 23. Rxc8 Rxc8 24. Rd1 g6 25. Ne2 Bc6 
26. Bc3 Bxc3 27. Qxc3 Ne6 28. Qf6 Qc7 29. Kf2 Bb5 30. Nf4 Nxf4 31. Qxf4 Qc3 
32. Qd4 Qxd4 33. Rxd4 Bc6 34. Bc2 f5 35. Bd3 Kg7 36. h3 a5 37. a4 Kf6 
38. g4 fxg4 39. hxg4 h5 40. b4 hxg4 41. Rxg4 axb4 42. Rxb4 Ra8 43. Rg4 g5 
44. Bc2 Rh8 45. Kg2 Ra8 46. Kf2 Rh8 47. Kg2 Ra8 48. Rb4 Rh8 49. Rb6 Ke5 
50. Rb4 Kf6 51. e4 Rh4 52. a5 dxe4 53. Bxe4 Ke5 54. Kg3 Bxe4 55. fxe4 Rxe4 
56. Rxb7 Kf6 57. a6 Ra4 58. a7 Ra3+ 59. Kf2 1/2-1/2

[Event "Wed Night Engine Tour 13 Rd Swiss 3m+1s Starts at 2200hrs ST"]
[Site "Infinity Chess"]
[Date "2018.1.31"]
[Round "3"]
[White "RonWeasley"]
[Black "MGR"]
[Result "0-1"]
[ECO "C53"]
[WhiteElo "2548"]
[BlackElo "2549"]
[WhiteEngine "BrainFish 060118_CTG"]
[BlackEngine "asmFishW_2017-08-25_bmi2"]
[EventType "Swiss"]
[WhiteTeam ""]
[BlackTeam ""]
[PlyCount "200"]
[TimeControl "180+1"]

1. e4 e5 2. Nf3 Nc6 3. Bc4 Bc5 4. c3 Nf6 5. d3 d6 6. Bb3 a5 7. Bg5 h6 8. Bh4 O-O 
9. O-O g5 10. Bg3 g4 11. Nh4 Nh5 12. a4 Qg5 13. Na3 Bd7 14. Re1 Nxg3 15. hxg3 h5 
16. Bc4 Rae8 17. Qb3 Ne7 18. Nc2 Ng6 19. Nxg6 Qxg6 20. d4 Bb6 21. Ne3 exd4 
22. Nd5 Bc5 23. e5 Kg7 24. cxd4 Bxd4 25. Nf4 Qf5 26. exd6 cxd6 27. Red1 Bc5 
28. Qc3+ Kg8 29. Rd5 Re5 30. Rxe5 Qxe5 31. Qxe5 dxe5 32. Nxh5 Bf5 33. Rd1 Bd4 
34. b3 Rd8 35. Kf1 Rd6 36. f4 Kf8 37. fxe5 Bxe5 38. Rxd6 Bxd6 39. Ke2 Be4 
40. Nf6 Bxg2 41. Kf2 Bf3 42. Nh7+ Kg7 43. Ng5 Bc6 44. Nxf7 Bc7 45. Ng5 Kf6 
46. Ne6 Bb6+ 47. Ke1 Ke5 48. Nf4 Be3 49. Ng6+ Kf6 50. Nf8 Bf3 51. Kf1 Kf5 
52. Ne6 Ke4 53. Ke1 Ke5 54. Kf1 Bd2 55. Kf2 Bc1 56. Ke1 Bh6 57. Kf2 b6 
58. Nc7 Bd2 59. Be2 Ke4 60. Bc4 Be3+ 61. Ke1 Bc5 62. Ne8 Ke5 63. Nc7 Kd4 
64. Be6 Bb4+ 65. Kf2 Bd1 66. Kf1 Ke4 67. Kf2 Kd3 68. Nb5 Kd2 69. Kf1 Bc5 
70. Kg2 Kc2 71. Kf1 Kb2 72. Ke1 Bxb3 73. Bxg4 Bxa4 74. Be2 Kb3 75. Bd1+ Kb4 
76. Nc7 Bxd1 77. Kxd1 Bd6 78. Nd5+ Kb3 79. Kd2 Bxg3 80. Nxb6 Bf2 81. Nd5 a4 
82. Ke2 a3 83. Kxf2 a2 84. Ke2 a1=Q 85. Kd3 Qe5 86. Ne3 Qf4 87. Ke2 Qd6 
88. Kf3 Kc3 89. Nf5 Qb4 90. Ne3 Kd3 91. Nd1 Qe4+ 92. Kg3 Qe1+ 93. Kf4 Qxd1 
94. Ke5 Qf1 95. Kd6 Qf6+ 96. Kc5 Qe6 97. Kb5 Qd6 98. Ka4 Kc4 99. Ka5 Qg6 
100. Ka4 Qa6# 0-1

[Event "Wed Night Engine Tour 13 Rd Swiss 3m+1s Starts at 2200hrs ST"]
[Site "Infinity Chess"]
[Date "2018.1.31"]
[Round "2"]
[White "Dovahkiin"]
[Black "MiKachomiKa QueeN"]
[Result "1/2-1/2"]
[ECO "C50"]
[WhiteElo "2483"]
[BlackElo "2451"]
[WhiteEngine "BrainFish_180128_x64_modern_CTG"]
[BlackEngine "Raubfisch X37b4_CTG"]
[EventType "Swiss"]
[WhiteTeam ""]
[BlackTeam ""]
[PlyCount "223"]
[TimeControl "180+1"]

1. e4 e5 2. Nf3 Nc6 3. Bc4 Bc5 4. O-O Nf6 5. d3 d6 6. c3 a5 7. Re1 O-O 8. Bb3 h6 
9. h3 Bd7 10. Nbd2 a4 11. Bc2 b5 12. Nf1 Bb6 13. Be3 Bxe3 14. Nxe3 Re8 
15. Qd2 Nh7 16. d4 Ng5 17. Nxg5 Qxg5 18. Kh2 a3 19. b4 exd4 20. cxd4 d5 
21. exd5 Qf4+ 22. Kg1 Nxd4 23. Red1 Nxc2 24. Nxc2 Qd6 25. Ne3 Re4 26. Rab1 Rae8 
27. Rbc1 Rxb4 28. Rxc7 Rb2 29. Rc2 Rxc2 30. Qxc2 b4 31. Rb1 Rc8 32. Qb3 Rb8 
33. Qd3 Rb7 34. Qc4 Rc7 35. Qxb4 Rc1+ 36. Nf1 Qxb4 37. Rxb4 Kf8 38. g4 Ra1 
39. Rb7 Ba4 40. Kg2 Rxa2 41. Ne3 Rb2 42. Ra7 Rb4 43. Nf5 Kg8 44. d6 a2 
45. d7 Bxd7 46. Rxa2 Bxf5 47. gxf5 Rb5 48. f6 gxf6 49. Ra4 Kh7 50. f3 Rb6 
51. Kg3 f5 52. Kf4 Kg6 53. h4 h5 54. Ke3 Rc6 55. Kf4 Rc5 56. Ra6+ f6 57. Ra4 Rc3 
58. Kg3 Rc6 59. Kf4 Rc1 60. Ke3 Rh1 61. Kf2 Rh2+ 62. Kg3 Rh1 63. Kg2 Rc1 
64. Kf2 Rc8 65. Kg3 Rd8 66. Rb4 Ra8 67. Kf4 Ra1 68. Kg3 Rc1 69. Rd4 Rg1+ 
70. Kf4 Ra1 71. Rc4 Ra7 72. Rb4 Ra1 73. Ke3 Ra3+ 74. Kf4 Rc3 75. Rd4 Rc1 
76. Kg3 Rc7 77. Ra4 Kf7 78. Rf4 Ke6 79. Ra4 Kf7 80. Rf4 Rc5 81. Ra4 Rd5 
82. Rb4 Kg6 83. Rf4 Kh7 84. Ra4 Rd3 85. Rb4 Rc3 86. Kf4 Kg6 87. Kg3 f4+ 
88. Kxf4 Rc7 89. Rb1 Rc4+ 90. Kg3 Rc6 91. Rb3 f5 92. Rb4 Re6 93. Rb8 Rc6 
94. Rg8+ Kf6 95. Rh8 Rc3 96. Rxh5 Rc1 97. Rh8 Kg7 98. Ra8 Kf6 99. Ra6+ Ke5 
100. Ra5+ Kf6 101. Ra6+ Ke5 102. f4+ Ke4 103. Re6+ Kd5 104. Re5+ Kd6 105. h5 Rh1 
106. Rxf5 Ke6 107. Ra5 Kf6 108. Rb5 Ra1 109. Rb6+ Kf5 110. Rb8 Rg1+ 
111. Kf3 Rf1+ 112. Kg2 1/2-1/2

[Event "Wed Night Engine Tour 13 Rd Swiss 3m+1s Starts at 2200hrs ST"]
[Site "Infinity Chess"]
[Date "2018.1.31"]
[Round "2"]
[White "ocirema"]
[Black "koalachess"]
[Result "1-0"]
[ECO "C11"]
[WhiteElo "2457"]
[BlackElo "2290"]
[WhiteEngine "stockfish_18013111_x64_modern_CTG"]
[BlackEngine "asmFishW_2017-11-19_popcnt_CTG"]
[EventType "Swiss"]
[WhiteTeam ""]
[BlackTeam ""]
[PlyCount "147"]
[TimeControl "180+1"]

1. e4 e6 2. d4 d5 3. Nc3 Nf6 4. e5 Nfd7 5. f4 c5 6. Nf3 Nc6 7. Be3 Qb6 
8. Na4 Qa5+ 9. c3 c4 10. b4 Qc7 11. Be2 b5 12. Nc5 Nxc5 13. bxc5 Rb8 14. a3 a5 
15. Bd2 b4 16. cxb4 axb4 17. axb4 Nxb4 18. Bc3 Nc6 19. h4 Be7 20. h5 h6 
21. Qd2 Bd7 22. Bd1 Na7 23. Bc2 Nb5 24. Bb4 Qb7 25. g4 Ra8 26. Rxa8+ Qxa8 
27. O-O Qb7 28. f5 Na7 29. f6 gxf6 30. exf6 Bxf6 31. Qf4 Bg7 32. Ne5 Rf8 
33. Nxd7 Kxd7 34. Ba4+ Kc8 35. Bc3 Nb5 36. Ba5 Bxd4+ 37. Kg2 Bxc5 38. Bxb5 Qa7 
39. Ba6+ Kd7 40. Bb5+ Kc8 41. Be1 Qc7 42. Qxh6 Qb7 43. Ba4 d4+ 44. Rf3 f6 
45. Bf2 e5 46. Qg6 Qa6 47. Bc2 Qd6 48. Be4 f5 49. Rxf5 Qxg6 50. hxg6 Kc7 
51. g7 Rg8 52. Rf7+ Kd6 53. Bh7 Rxg7 54. Rxg7 Ba3 55. Rg6+ Kd7 56. Rg5 Bd6 
57. Bg3 d3 58. Rg7+ Kc6 59. Rg6 Kc5 60. Rxd6 Kxd6 61. Kf3 d2 62. Ke2 Ke6 
63. g5 e4 64. g6 d1=Q+ 65. Kxd1 Kf6 66. Be1 e3 67. Bc3+ Kf5 68. g7+ Ke6 
69. g8=Q+ Ke7 70. Qg7+ Ke6 71. Bb4 e2+ 72. Kxe2 c3 73. Qe7+ Kd5 74. Qe4# 1-0

[Event "Wed Night Engine Tour 13 Rd Swiss 3m+1s Starts at 2200hrs ST"]
[Site "Infinity Chess"]
[Date "2018.1.31"]
[Round "2"]
[White "Cepri"]
[Black "KULLANI"]
[Result "1/2-1/2"]
[ECO "C50"]
[WhiteElo "2462"]
[BlackElo "2470"]
[WhiteEngine "asmFishW_07N17_CTG"]
[BlackEngine "BrainFish_180124_x64_CTG"]
[EventType "Swiss"]
[WhiteTeam ""]
[BlackTeam ""]
[PlyCount "101"]
[TimeControl "180+1"]

1. e4 e5 2. Nf3 Nc6 3. Bc4 Bc5 4. O-O Nf6 5. d3 d6 6. c3 a5 7. Re1 Ba7 
8. Nbd2 O-O 9. h3 h6 10. Nf1 Be6 11. Bb5 Ne7 12. Ng3 c6 13. Ba4 b5 14. Bc2 a4 
15. d4 Ng6 16. Be3 Bb6 17. Qd2 Re8 18. b3 axb3 19. axb3 Qc7 20. b4 Qe7 
21. Nf5 Qf8 22. dxe5 Bxe3 23. Qxd6 Qxd6 24. Nxd6 Rxa1 25. Rxa1 Bf4 26. Nxe8 Nxe8 
27. g3 Bxe5 28. Nxe5 Nxe5 29. f4 Nc4 30. Ra6 Bxh3 31. e5 Nc7 32. Rxc6 Nd5 
33. Bd3 Bd7 34. Ra6 Ncb6 35. f5 Kf8 36. Kf2 Bc8 37. Ra3 Bd7 38. g4 Ke7 
39. Bf1 g6 40. Ra7 gxf5 41. gxf5 Kd8 42. Rb7 Kc8 43. e6 Bxe6 44. Rxb6 Nxb6 
45. fxe6 fxe6 46. Bxb5 Nd5 47. Bc4 Nxc3 48. Bxe6+ Kc7 49. Bf7 Ne4+ 50. Ke3 Nd6 
51. Bg6 1/2-1/2

[Event "Wed Night Engine Tour 13 Rd Swiss 3m+1s Starts at 2200hrs ST"]
[Site "Infinity Chess"]
[Date "2018.1.31"]
[Round "2"]
[White "star99"]
[Black "Ryzen"]
[Result "1/2-1/2"]
[ECO "D30"]
[WhiteElo "2472"]
[BlackElo "2463"]
[WhiteEngine "Cryptic Heroes V4.2"]
[BlackEngine "Houdini 6"]
[EventType "Swiss"]
[WhiteTeam ""]
[BlackTeam ""]
[PlyCount "288"]
[TimeControl "180+1"]

1. d4 d5 2. c4 e6 3. Nf3 Nf6 4. e3 Be7 5. Be2 O-O 6. O-O dxc4 7. Bxc4 a6 
8. Nc3 b5 9. Bd3 Bb7 10. a3 c5 11. dxc5 Bxc5 12. b4 Be7 13. Bb2 Nbd7 14. Qe2 Rc8 
15. Rfd1 Qc7 16. Rac1 Qb8 17. Bb1 Nb6 18. Nd2 Rfd8 19. Bd3 Nfd7 20. f4 e5 
21. f5 Nf6 22. Bb1 Qa8 23. Rc2 Ne8 24. Na2 Rxc2 25. Bxc2 Bf6 26. e4 Nd6 
27. Nc3 Nbc4 28. Bc1 Nxd2 29. Bxd2 Nc4 30. Be1 Bg5 31. Rd3 Nxa3 32. Bb3 Nc4 
33. Bf2 Qc8 34. Bc5 g6 35. Nd5 Bxd5 36. fxg6 hxg6 37. exd5 e4 38. Rd1 e3 
39. Bxc4 bxc4 40. h4 Bxh4 41. Qxe3 Qf5 42. d6 Bg5 43. Qc3 Qe6 44. Re1 Qd5 
45. Re2 a5 46. Qe5 Qxe5 47. Rxe5 Bf6 48. Re4 a4 49. b5 c3 50. Rxa4 Rc8 
51. Ba3 c2 52. Bc1 Rc5 53. Ra2 Kf8 54. b6 Bd4+ 55. Kf1 Rf5+ 56. Ke2 Bxb6 
57. Rb2 Bd8 58. Rxc2 Ke8 59. Rc4 Rd5 60. Ba3 Kd7 61. g4 Rb5 62. Bb4 Ke6 
63. Kf3 Bg5 64. Ke4 Bf6 65. Bd2 Kxd6 66. Bf4+ Ke7 67. Rc7+ Kf8 68. Rc8+ Kg7 
69. Ra8 g5 70. Bd2 Re5+ 71. Kf3 Rd5 72. Be3 Be7 73. Ke4 Rd6 74. Ra5 Kg6 
75. Bc5 Re6+ 76. Kf3 Bf6 77. Ra8 Rc6 78. Be3 Bg7 79. Kf2 Rf6+ 80. Kg3 Rd6 
81. Kf3 Rd3 82. Ke4 Rd1 83. Kf3 Rd7 84. Rb8 Rd3 85. Rb6+ f6 86. Ke4 Ra3 
87. Bf2 Ra4+ 88. Bd4 Rc4 89. Kd3 Rc1 90. Ke2 Rc8 91. Kf3 Rd8 92. Ke4 Re8+ 
93. Kf3 Rc8 94. Be3 Rc4 95. Rb8 Rc3 96. Ke4 Rc2 97. Bd4 Rc1 98. Be3 Rf1 
99. Ra8 Rb1 100. Kf3 Rb3 101. Ke4 Rb5 102. Kf3 Rd5 103. Ke4 Rd6 104. Kf3 Re6 
105. Bc1 Re1 106. Be3 Rd1 107. Kf2 Rd7 108. Kf3 Rd6 109. Bc1 Rc6 110. Be3 Rc7 
111. Bd4 Rc4 112. Rd8 Bf8 113. Rxf8 Rxd4 114. Kg3 Rd3+ 115. Kf2 Rc3 116. Kg2 Re3 
117. Ra8 Re2+ 118. Kg3 Re4 119. Kf3 Rf4+ 120. Kg3 Rb4 121. Kf3 Rb6 122. Rg8+ Kf7 
123. Rc8 Rb4 124. Kg3 Kg7 125. Rc7+ Kg6 126. Rc8 Rb3+ 127. Kf2 Ra3 128. Rf8 Ra2+ 
129. Kf3 Ra6 130. Kg2 Ra4 131. Kf3 Kg7 132. Rc8 Kf7 133. Rc7+ Ke6 134. Kg3 Ra3+ 
135. Kf2 Ra6 136. Kg3 Kd6 137. Rc1 Ke5 138. Kf3 Ra3+ 139. Kg2 Rd3 140. Rc2 Rd4 
141. Kf3 Kd6 142. Rc1 Rf4+ 143. Kg3 f5 144. gxf5 Rxf5 1/2-1/2

[Event "Wed Night Engine Tour 13 Rd Swiss 3m+1s Starts at 2200hrs ST"]
[Site "Infinity Chess"]
[Date "2018.1.31"]
[Round "2"]
[White "MGR"]
[Black "incredible"]
[Result "1-0 "]
[ECO "C50"]
[WhiteElo "2534"]
[BlackElo "2520"]
[WhiteEngine "asmFishW_2017-08-25_bmi2"]
[BlackEngine "stockfish_18013111_x64_bmi2"]
[EventType "Swiss"]
[WhiteTeam ""]
[BlackTeam ""]
[PlyCount "35"]
[TimeControl "180+1"]

1. e4 e5 2. Nf3 Nc6 3. Bc4 Bc5 4. O-O d6 5. d3 Nf6 6. c3 O-O 7. h3 Ne7 8. d4 Bb6 
9. Re1 exd4 10. cxd4 d5 11. exd5 Nexd5 12. Bg5 h6 13. Bh4 Be6 14. Bb3 c6 
15. Nc3 Qd6 16. Bg3 Qd8 17. Bh4 Qd6 18. Na4 1-0

[Event "Wed Night Engine Tour 13 Rd Swiss 3m+1s Starts at 2200hrs ST"]
[Site "Infinity Chess"]
[Date "2018.1.31"]
[Round "2"]
[White "Victorious"]
[Black "MCDermont"]
[Result "1/2-1/2"]
[ECO "C02"]
[WhiteElo "2538"]
[BlackElo "2567"]
[WhiteEngine "Houdini 6"]
[BlackEngine "BrainFish 060118_CTG"]
[EventType "Swiss"]
[WhiteTeam ""]
[BlackTeam ""]
[PlyCount "124"]
[TimeControl "180+1"]

1. e4 e6 2. d4 d5 3. e5 c5 4. c3 Nc6 5. Nf3 Qb6 6. a3 c4 7. Nbd2 Na5 8. Be2 Bd7 
9. O-O Ne7 10. Rb1 h6 11. Re1 Nf5 12. Qc2 Be7 13. Bd1 Qc7 14. h3 g5 15. g4 Ng7 
16. b4 cxb3 17. Nxb3 Nc4 18. Nc5 Bxc5 19. dxc5 Qxc5 20. a4 O-O-O 21. Be3 Nxe3 
22. Rxe3 Kb8 23. Qb2 b6 24. Nd4 h5 25. a5 Qxa5 26. Rf3 Rhf8 27. Ra1 Qc5 
28. Qa2 Qa5 29. Qxa5 bxa5 30. c4 dxc4 31. Rb1+ Kc7 32. Rc3 Rc8 33. Rxc4+ Kd8 
34. Rxc8+ Kxc8 35. Be2 hxg4 36. Ba6+ Kc7 37. Rb7+ Kd8 38. hxg4 Ne8 39. Rxa7 Nc7 
40. Bb7 a4 41. Nc6+ Bxc6 42. Bxc6 f6 43. exf6 Rxf6 44. Rxa4 e5 45. Be4 Ra6 
46. Rxa6 Nxa6 47. f3 Nc7 48. Kf2 Ke7 49. Ke3 Na6 50. Kd3 Nc5+ 51. Kc4 Kd6 
52. Bf5 Na6 53. Bg6 Nc5 54. Bf7 Nd7 55. Kb5 Nb8 56. Kc4 Nc6 57. Bg8 Nd4 
58. Bd5 Ne6 59. Bxe6 Kxe6 60. Kc3 Kd5 61. Kd3 Kd6 62. Ke4 Ke6 1/2-1/2

[Event "Wed Night Engine Tour 13 Rd Swiss 3m+1s Starts at 2200hrs ST"]
[Site "Infinity Chess"]
[Date "2018.1.31"]
[Round "2"]
[White "BraveDevil"]
[Black "RonWeasley"]
[Result "1/2-1/2"]
[ECO "E10"]
[WhiteElo "2446"]
[BlackElo "2552"]
[WhiteEngine "Cryptic Heroes V4.2"]
[BlackEngine "BrainFish 060118_CTG"]
[EventType "Swiss"]
[WhiteTeam ""]
[BlackTeam ""]
[PlyCount "110"]
[TimeControl "180+1"]

1. d4 Nf6 2. c4 e6 3. Nf3 d5 4. Nc3 c6 5. Bg5 h6 6. Bxf6 Qxf6 7. e3 Nd7 
8. Be2 g6 9. O-O Be7 10. Ne1 O-O 11. f4 Qg7 12. Nf3 dxc4 13. Bxc4 Rd8 14. Qc2 b5 
15. Bd3 Bb7 16. Ne5 Rac8 17. Be4 f5 18. Bf3 Nxe5 19. fxe5 Bg5 20. Qf2 c5 
21. Nxb5 cxd4 22. exd4 Bxf3 23. Qxf3 Rd5 24. Nd6 Rd8 25. Qc3 Qd7 26. Rfe1 Be7 
27. Rac1 Bxd6 28. exd6 Rxd6 29. Qe3 Kh7 30. b3 Qg7 31. Qf2 R8d7 32. Rc4 Qf6 
33. h3 h5 34. Re5 g5 35. Qe2 g4 36. g3 Kg8 37. h4 Kf7 38. Qe3 Rd5 39. Kf2 Rxe5 
40. dxe5 Qh8 41. Qg5 Qxe5 42. Qxh5+ Ke7 43. Qg5+ Qf6 44. Qxf6+ Kxf6 45. Ke2 Rb7 
46. Rc6 Ke5 47. Ke3 Kd5 48. Ra6 Rc7 49. Ra5+ Kd6 50. Ra6+ Kd5 51. Kd3 e5 
52. Ra5+ Kd6 53. Ra6+ Kd5 54. Ra5+ Kd6 55. Ra6+ Kd5 1/2-1/2

[Event "Wed Night Engine Tour 13 Rd Swiss 3m+1s Starts at 2200hrs ST"]
[Site "Infinity Chess"]
[Date "2018.1.31"]
[Round "1"]
[White "Ryzen"]
[Black "koalachess"]
[Result "1/2-1/2 "]
[ECO "E10"]
[WhiteElo "2471"]
[BlackElo "2282"]
[WhiteEngine "Houdini 6"]
[BlackEngine "asmFishW_2017-11-19_popcnt_CTG"]
[EventType "Swiss"]
[WhiteTeam ""]
[BlackTeam ""]
[PlyCount "149"]
[TimeControl "180+1"]

1. d4 Nf6 2. c4 e6 3. Nf3 d5 4. Nc3 Bb4 5. Bg5 dxc4 6. e4 c5 7. Bxc4 cxd4 
8. Nxd4 Bxc3+ 9. bxc3 Qa5 10. Bxf6 Qxc3+ 11. Kf1 gxf6 12. Rc1 Qa5 13. h4 Ke7 
14. Rh3 Nc6 15. Nxc6+ bxc6 16. Rd3 Rd8 17. e5 fxe5 18. Rxd8 Qxd8 19. Qe2 Qd4 
20. Rd1 Qxh4 21. Kg1 Kf6 22. Qd3 Kg7 23. Qc3 Qf4 24. Re1 Qd4 25. Qg3+ Kf6 
26. Bf1 Rb8 27. Qg8 c5 28. Re3 e4 29. Qxh7 Ke7 30. Rxe4 Qd6 31. Re1 Rb4 
32. Qg8 Bb7 33. a3 Rd4 34. Bb5 Bc6 35. Bxc6 Qxc6 36. Qg5+ Kf8 37. Rb1 Qc7 
38. g3 Rd8 39. Qf6 Ke8 40. Re1 Qe7 41. Qh6 Kd7 42. Qf4 Kc8 43. Rb1 Qc7 
44. Qa4 Rd7 45. Qe4 Rd5 46. Qa4 Rd4 47. Qe8+ Rd8 48. Qa4 a5 49. Qb5 Rd7 
50. Qa6+ Kd8 51. Qa8+ Ke7 52. Qh8 Rd3 53. Qh4+ Kd6 54. Qf4+ e5 55. Qf5 c4 
56. a4 Rb3 57. Rxb3 cxb3 58. Qd3+ Ke7 59. Qxb3 Qc6 60. Qa3+ Ke6 61. Qb3+ Ke7 
62. Qa3+ Ke6 63. Qb3+ Qd5 64. Qb6+ Kf5 65. Qb1+ Ke6 66. Qb6+ Kf5 67. Kh2 Qd4 
68. Qb1+ Ke6 69. Qb3+ Qd5 70. Qc2 f6 71. Qg6 Qd4 72. Qc2 Qd5 73. g4 Qf3 
74. Qc4+ Ke7 75. Qc7+ 1/2-1/2

[Event "Wed Night Engine Tour 13 Rd Swiss 3m+1s Starts at 2200hrs ST"]
[Site "Infinity Chess"]
[Date "2018.1.31"]
[Round "1"]
[White "BraveDevil"]
[Black "Dovahkiin"]
[Result "1-0"]
[ECO "D31"]
[WhiteElo "2427"]
[BlackElo "2502"]
[WhiteEngine "Cryptic Heroes V4.2"]
[BlackEngine "BrainFish_180128_x64_modern_CTG"]
[EventType "Swiss"]
[WhiteTeam ""]
[BlackTeam ""]
[PlyCount "163"]
[TimeControl "180+1"]

1. d4 d5 2. c4 e6 3. Nc3 c6 4. Nf3 Nf6 5. e3 Nbd7 6. Qc2 Bd6 7. Bd3 O-O 
8. O-O dxc4 9. Bxc4 a6 10. e4 e5 11. h3 b5 12. Be2 Re8 13. Be3 exd4 14. Nxd4 Qc7 
15. Rac1 g6 16. Rfd1 c5 17. Nf3 Bf8 18. a4 b4 19. Nd5 Nxd5 20. exd5 Nf6 
21. Bc4 Bf5 22. Qb3 Bd6 23. Bh6 Qc8 24. Nd2 Be4 25. Nf1 Nh5 26. Re1 Bf4 
27. Bxf4 Nxf4 28. Qg3 Qc7 29. Ne3 Qd6 30. a5 h6 31. h4 Kh7 32. Bf1 g5 
33. Nc4 Qf6 34. hxg5 hxg5 35. Re3 Bf5 36. Qf3 Kg7 37. g3 Nh3+ 38. Bxh3 Bxh3 
39. Qxf6+ Kxf6 40. Nb6 Rxe3 41. fxe3 Re8 42. Kf2 Bf5 43. Rxc5 Bd3 44. d6 Rd8 
45. d7 Bf5 46. Nd5+ Ke6 47. Nc7+ Kxd7 48. Nxa6 Ke6 49. Nc7+ Kd7 50. Rxf5 Kxc7 
51. Rxf7+ Kc6 52. Ke2 Kb5 53. Rf5+ Kc4 54. e4 Ra8 55. Rxg5 Kb3 56. Rb5 Kc4 
57. Rd5 Re8 58. Ke3 Rg8 59. Kf4 Rf8+ 60. Rf5 Ra8 61. g4 Kb3 62. Rb5 Rf8+ 
63. Ke3 Ka4 64. Rd5 Ra8 65. g5 Rg8 66. a6 Rg7 67. Kf4 Kb3 68. Ra5 Rf7+ 
69. Ke3 Ra7 70. g6 Kxb2 71. g7 Ra8 72. a7 Kc3 73. Rc5+ Kb2 74. Rb5 Rxa7 
75. g8=Q Ra3+ 76. Kd2 Rh3 77. Rxb4+ Ka3 78. Rb5 Rh2+ 79. Kc3 Rh3+ 80. Kc4 Ka2 
81. Qg2+ Ka1 82. Qb2# 1-0

[Event "Wed Night Engine Tour 13 Rd Swiss 3m+1s Starts at 2200hrs ST"]
[Site "Infinity Chess"]
[Date "2018.1.31"]
[Round "1"]
[White "incredible"]
[Black "ocirema"]
[Result "1/2-1/2"]
[ECO "D30"]
[WhiteElo "2523"]
[BlackElo "2454"]
[WhiteEngine "stockfish_18013111_x64_bmi2"]
[BlackEngine "stockfish_18013111_x64_modern_CTG"]
[EventType "Swiss"]
[WhiteTeam ""]
[BlackTeam ""]
[PlyCount "145"]
[TimeControl "180+1"]

1. d4 d5 2. c4 e6 3. Nf3 Nf6 4. Nc3 c6 5. Bg5 h6 6. Bxf6 Qxf6 7. e3 Nd7 
8. Bd3 dxc4 9. Bxc4 g6 10. O-O Bg7 11. e4 e5 12. d5 Nb6 13. Nd2 O-O 14. Bb3 h5 
15. Qe2 Bg4 16. f3 Bd7 17. Qf2 Rfd8 18. Kh1 Be8 19. a4 Qe7 20. a5 Nd7 21. a6 Nf6 
22. Nc4 b5 23. d6 Rxd6 24. Nxd6 Qxd6 25. Rad1 Qb4 26. Ba2 Qe7 27. Qg3 Kh7 
28. Qh4 Qb4 29. Qf2 Qa5 30. Ra1 Qb4 31. h3 Qe7 32. Rg1 Rc8 33. Rad1 Rb8 
34. g4 hxg4 35. hxg4 Rb6 36. Qd2 Rxa6 37. Qd8 Bf8 38. Rg2 Kg8 39. Qc8 Ra5 
40. Bb3 b4 41. Ne2 Nd7 42. Qxc6 Nc5 43. Qxg6+ Bg7 44. Bc4 Ra6 45. Qf5 Bd7 
46. Rxd7 Ra1+ 47. Rg1 Rxg1+ 48. Kxg1 Nxd7 49. Bb3 Nc5 50. Bd5 Ne6 51. Kf1 a5 
52. b3 Bf6 53. Bxe6 fxe6 54. Qg6+ Bg7 55. Nc1 Kf8 56. Ke2 Qd7 57. Qg5 a4 
58. bxa4 Kf7 59. Qh5+ Kf8 60. Qh4 Kf7 61. Nd3 Qxa4 62. Qh5+ Kf8 63. Qg5 b3 
64. Qd8+ Kf7 65. g5 Qb5 66. Qc7+ Kg6 67. Qc8 b2 68. Qxe6+ Kxg5 69. Qf5+ Kh6 
70. Qh3+ Kg5 71. Qf5+ Kh6 72. Qh3+ Kg5 73. Qf5+ 1/2-1/2

[Event "Wed Night Engine Tour 13 Rd Swiss 3m+1s Starts at 2200hrs ST"]
[Site "Infinity Chess"]
[Date "2018.1.31"]
[Round "1"]
[White "Cepri"]
[Black "MGR"]
[Result "1/2-1/2"]
[ECO "C50"]
[WhiteElo "2459"]
[BlackElo "2537"]
[WhiteEngine "asmFishW_07N17_CTG"]
[BlackEngine "asmFishW_2017-08-25_bmi2"]
[EventType "Swiss"]
[WhiteTeam ""]
[BlackTeam ""]
[PlyCount "122"]
[TimeControl "180+1"]

1. e4 e5 2. Nf3 Nc6 3. Bc4 Bc5 4. d3 Nf6 5. c3 d6 6. O-O a5 7. Re1 O-O 
8. Nbd2 Be6 9. Bb5 Ne7 10. d4 Ba7 11. h3 Ng6 12. Ba4 Nh5 13. Nf1 exd4 
14. cxd4 Nhf4 15. Bc2 d5 16. Bxf4 Nxf4 17. e5 f6 18. Qd2 fxe5 19. Rxe5 Bd7 
20. Rae1 c6 21. N1h2 Bb8 22. R5e3 a4 23. Ne5 Bc7 24. Qd1 Ba5 25. Nxd7 Qxd7 
26. Re7 Qc8 27. Rf1 Bb4 28. Re3 a3 29. bxa3 Rxa3 30. Ng4 g6 31. Rxa3 Bxa3 
32. g3 Nxh3+ 33. Kg2 Ng5 34. f4 Ne4 35. Bxe4 dxe4 36. d5 Qd7 37. Qb3 Qxg4 
38. dxc6+ Kg7 39. Qxa3 bxc6 40. Qe7+ Rf7 41. Qxe4 h5 42. Qe5+ Rf6 43. Rf2 h4 
44. Qe7+ Rf7 45. Qxh4 Qe6 46. Rd2 Qe4+ 47. Kh2 c5 48. Rd8 Qe2+ 49. Kg1 Qh5 
50. Qxh5 gxh5 51. Kg2 h4 52. Rd2 hxg3 53. Kxg3 Ra7 54. Kf3 Kg6 55. Ke4 Kf6 
56. Rh2 c4 57. Kd4 Ra3 58. Kxc4 Ra4+ 59. Kb5 Rxf4 60. a4 Ke7 61. Rd2 Rf5+ 
1/2-1/2

[Event "Wed Night Engine Tour 13 Rd Swiss 3m+1s Starts at 2200hrs ST"]
[Site "Infinity Chess"]
[Date "2018.1.31"]
[Round "1"]
[White "RonWeasley"]
[Black "MiKachomiKa QueeN"]
[Result "1-0"]
[ECO "C53"]
[WhiteElo "2539"]
[BlackElo "2464"]
[WhiteEngine "BrainFish 060118_CTG"]
[BlackEngine "Raubfisch X37b4_CTG"]
[EventType "Swiss"]
[WhiteTeam ""]
[BlackTeam ""]
[PlyCount "94"]
[TimeControl "180+1"]

1. e4 e5 2. Nf3 Nc6 3. Bc4 Bc5 4. c3 Nf6 5. d3 a5 6. Bg5 h6 7. Bh4 g5 8. Bg3 d6 
9. O-O O-O 10. Bb3 g4 11. Nh4 Nh5 12. a4 Qg5 13. Na3 Bd7 14. Re1 Nxg3 
15. hxg3 Qf6 16. Rf1 h5 17. Kh2 Qg7 18. Nc2 Rae8 19. Ne3 Ne7 20. Rc1 b6 
21. Nd5 Nxd5 22. Bxd5 c6 23. Bxc6 Bxc6 24. b4 Re6 25. f4 gxf3 26. Rxf3 Bd7 
27. bxc5 dxc5 28. Qc2 Rh6 29. Rcf1 Bg4 30. R3f2 Rc6 31. Qd2 Qh6 32. Qa2 Qe6 
33. Qd2 Qh6 34. Qa2 Qe6 35. Qc2 Qh6 36. Qb3 Qe6 37. Qb2 Rd6 38. Nf5 Rd7 
39. Qd2 Kh7 40. c4 Kh8 41. Ne3 Qh6 42. Rf6 Qg5 43. Qb2 Kg7 44. Nf5+ Bxf5 
45. R6xf5 Qg6 46. Qxe5+ f6 47. Qe6 Rdf7 1-0

[Event "Wed Night Engine Tour 13 Rd Swiss 3m+1s Starts at 2200hrs ST"]
[Site "Infinity Chess"]
[Date "2018.1.31"]
[Round "1"]
[White "KULLANI"]
[Black "Victorious"]
[Result "1/2-1/2"]
[ECO "C50"]
[WhiteElo "2467"]
[BlackElo "2541"]
[WhiteEngine "BrainFish_180124_x64_CTG"]
[BlackEngine "Houdini 6"]
[EventType "Swiss"]
[WhiteTeam ""]
[BlackTeam ""]
[PlyCount "103"]
[TimeControl "180+1"]

1. e4 e5 2. Nf3 Nc6 3. Bc4 Bc5 4. d3 Nf6 5. c3 d6 6. O-O O-O 7. Bg5 h6 8. Bh4 g5 
9. Bg3 a6 10. a4 Ba7 11. Nbd2 Nh7 12. h3 h5 13. Kh1 Kh8 14. b4 h4 15. Bh2 g4 
16. hxg4 Bxg4 17. b5 Na5 18. bxa6 bxa6 19. d4 exd4 20. cxd4 Bxd4 21. Rc1 Nxc4 
22. Rxc4 Bg7 23. e5 Qd7 24. exd6 cxd6 25. Rf4 h3 26. gxh3 Bh5 27. Rh4 Qf5 
28. Bf4 Bf6 29. Bg5 Bxf3+ 30. Qxf3 Qxg5 31. Rh5 Qg6 32. Rg1 Rac8 33. Rxg6 fxg6 
34. Rxh7+ Kxh7 35. Qb7+ Kh6 36. Nf3 a5 37. Qd5 Be5 38. Qd2+ Rf4 39. Kg2 Rcc4 
40. Nxe5 dxe5 41. Qxa5 Rxa4 42. Qxe5 Rf8 43. Qe3+ Raf4 44. f3 R8f6 45. Qd2 Kh5 
46. Qd8 Rxf3 47. Qh8+ Kg5 48. Qd8 Rf1 49. Kh2 R1f2+ 50. Kg3 R2f4 51. h4+ Rxh4 
52. Qa5+ 1/2-1/2